AoeStats
← Vortigern

Fortress

510543671Analyzed
1v1 RM · 1d ago on Oct 1, 2026· 37m 58s· 2 players
Game mode
Random Map
Map size
Small (3 player)
Population
200
Speed
Normal
Resources
Standard
Victory
Conquest
Starting age
Dark Age
Ending age
Imperial Age
RankedLock teamsTeams togetherTeam positionsShared explorationLock speedFull tech treeHidden civsTurbo modeCheats
Victory
Defeat
🇫🇷 Khmer · France
869
+16
🇺🇸 Chinese · United States
866
-43
Vortigern
1:27 Loom
14:55 Feudal Age
17:40 Town Watch
18:39 Horse Collar
20:18 Wheelbarrow
19:10 Man-at-Arms
19:47 Double-Bit Axe
22:16 Castle Age
21:49 Gold Mining
22:01 Stone Mining
26:16 Imperial Age
25:57 Bow Saw
25:52 Heavy Plow
26:43 Gold Shaft Mining
27:03 Town Patrol
27:09 Town Patrol
27:26 Hand Cart
28:28 Fervor
29:16 Great Wall
29:39 Conscription
30:14 Fortified Wall
30:15 Masonry
30:05 Murder Holes
31:11 Chemistry
31:41 Ballistics
31:14 Guard Tower
33:23 Two-Man Saw
34:32 Architecture
34:48 Sanctity
34:45 Block Printing
35:12 Theocracy
35:15 Illumination
34:52 Atonement
34:58 Squires
37:32 Arrowslits
38:23 Keep
38:09 Bombard Tower
Itz H ² o
5:00 Loom
6:55 Feudal Age
10:52 Castle Age
8:40 Horse Collar
8:54 Double-Bit Axe
14:03 Bow Saw
13:55 Heavy Plow
24:27 Imperial Age
28:29 Elite Battle Elephant
29:11 Husbandry
29:21 Bloodlines
29:35 Devotion
30:15 Forging
30:11 Scale Barding Armor
30:44 Crop Rotation
30:36 Fortified Wall
30:39 Masonry
31:45 Wheelbarrow
30:57 Town Watch
31:45 Coinage
31:54 Iron Casting
31:21 Capped Ram
32:45 Hand Cart
33:46 Town Patrol
33:22 Siege Ram
35:28 Blast Furnace
34:49 Chain Barding Armor
36:30 Faith
38:39 Banking
38:23 Tusk Swords
38:50 Conscription
Connection lost

Rejoining the realm…

Still unreachable

The connection could not be restored.

Session expired

The server has moved on; the page needs a fresh start.